 Dungeon Crawl Stone Soup version 0.31-a0-983-g7b6862f502 (webtiles) character file.

Game seed: 1553204791587195940

4499 lunkers the Martial Artist (level 10, -3/58 HPs)
             Began as an Octopode Shapeshifter on Nov 2, 2023.
             Was an Elder of Makhleb.
             Slain by a steam dragon (10 damage)
             ... on level 9 of the Dungeon.
             The game lasted 00:11:39 (7732 turns).

lunkers the Martial Artist (Octopode Shapeshifter)  Turns: 7732, Time: 00:11:39

Health: -3/58      AC:  1    Str: 13    XL:     10   Next: 38%
Magic:  10/10      EV: 13    Int: 13    God:    Makhleb [****..]
Gold:   340        SH:  0    Dex: 16    Spells: 9/9 levels left

rFire   . .          .
                       - Unarmed
rCold   . . .        (no shield)
rNeg    . . .        (helmet currently unavailable)
rPois   .            (no amulet)
rElec   .            (no ring)
rCorr   .            (no ring)
SInv    .            (no ring)
Will    .....        (no ring)
Stlth   ++           (no ring)
HPRegen 0.29/turn    (no ring)
MPRegen 0.12/turn    (no ring)
                     (no ring)

%: no passive effects
@: beast-form
A: beast (slay +4), almost no armour, amphibious, 8 rings, camouflage 1,
gelatinous body 1, (nimble swimmer 1), tentacles
a: Begin Untransformation, Renounce Religion, Minor Destruction, Lesser Servant
of Makhleb, Major Destruction


You were on level 9 of the Dungeon.
You worshipped Makhleb.
Makhleb was greatly pleased with you.
You were a hulking beast.
You visited 1 branch of the dungeon, and saw 9 of its levels.
You also visited: Sewer.

You collected 340 gold pieces.

Inventory:

Missiles
 o - 3 throwing nets
Jewellery
 y - an amulet of magic regeneration
Talismans
 b - a beast talisman
 c - a flux talisman
Wands
 j - a wand of iceblast (3)
 m - a wand of acid (11)
 q - a wand of flame (43)
 t - a wand of paralysis (16)
Scrolls
 a - a scroll of enchant armour
 g - 4 scrolls of vulnerability
 i - 5 scrolls of teleportation
 l - 2 scrolls of fog
 r - 7 scrolls of revelation
 s - 2 scrolls of fear
 x - a scroll of amnesia
 z - 3 scrolls of identify
Potions
 d - 3 potions of berserk rage
 e - 3 potions of enlightenment
 f - a potion of attraction {unknown}
 h - 5 potions of curing
 k - a potion of brilliance {unknown}
 n - a potion of cancellation {unknown}
 p - a potion of ambrosia {unknown}
 u - 3 potions of heal wounds
 v - a potion of might {unknown}
 w - a potion of haste {unknown}


   Skills:
 - Level 1.0 Fighting
 - Level 2.0 Dodging
 * Level 12.4 Unarmed Combat
 + Level 8.5 Shapeshifting


You had 9 spell levels left.
You didn't know any spells.
Your spell library contained the following spells:

 Spells                   Type           Power      Damage    Failure   Level
 Freeze                   Ice            0%         1d3       30%         1
 Frozen Ramparts          Ice            0%         1d1       67%         3
 Hailstorm                Conj/Ice       0%         3d3       67%         3


Dungeon Overview and Level Annotations

Branches:
Dungeon (9/15)             Temple (0/1) D:5           Sewer (visited)
   Lair: D:8-11         Orc: D:9-12

Altars:
Makhleb
Trog
Vehumet
The Shining One


Innate Abilities, Weirdness & Mutations

You are a hulking beast.
Your limbs bulge with bestial killing power. (Slay +4)
You cannot wear most types of armour.
You are amphibious.
You can wear up to eight rings at the same time.
Your skin changes colour to match your surroundings (Stealth+).
Your rubbery body absorbs attacks. (AC +1, EV +1)
((You are camouflaged when in or above water. (Stealth+)))
You have tentacles for arms and can constrict up to eight enemies at once.


Message History

A steam dragon comes into view.
Found a scroll of teleportation.
The centaur unwields a +0 shortbow.
The centaur hits you. The centaur barely misses you.
Things that are here:
a +0 orcbow; a centaur corpse You tentacle-slap the centaur.
You squeeze the centaur.
The centaur is moderately wounded.
The centaur barely misses you. The centaur kicks you.
You tentacle-slap the centaur.
The centaur is moderately wounded.
The centaur barely misses you. The centaur kicks you.
You bludgeon the centaur! You squeeze the centaur!
You kill the centaur!
Makhleb accepts your kill.
You feel better.
Found a scroll of identify.
The steam dragon breathes steam at you. The ball of steam hits you!
* * * LOW HITPOINT WARNING * * *
You hear a howl!
Unknown command.
You tentacle-slap the steam dragon. You squeeze the steam dragon.
The steam dragon is moderately wounded.
You are engulfed in a cloud of scalding steam.
* * * LOW HITPOINT WARNING * * *
The steam dragon bites you.
* * * LOW HITPOINT WARNING * * *
The steam dragon barely misses you.
You tentacle-slap the steam dragon.
Your tentacle-slap misses the steam dragon.
You squeeze the steam dragon.
The steam dragon is heavily wounded.
You are engulfed in a cloud of scalding steam.
* * * LOW HITPOINT WARNING * * *
You tentacle-slap the steam dragon. Your squeeze misses the steam dragon.
The steam dragon is severely wounded.
You are engulfed in a cloud of scalding steam.
* * * LOW HITPOINT WARNING * * *
The steam dragon bites you!
You die...

## ####.......... ?#
#(###.#.#......... #.#
#.#.#.##.######.. #.#
#.#.#.#.'....#
#.#.#.#.##.#....#
#.#.#.###.#....#
#.#.#.#.##.#....+
#.#.#D###/#.#....# ..
#.#.#.#h#.##.####.# ...
#.#.#.###§###....#.#....
.#.#.# #)#.##....###....
.#.# #.# #§#...........
.# #.# ##........... #.#
#..........< #.#
#...<....... #.#
#........... .#
#...........


You could see a steam dragon (catching breath).

Vanquished Creatures
  Pikel (D:7)
  A cyclops (D:7)
  A steam dragon (D:8)
  Menkaure (D:6)
  Duvessa (D:6)
  A water moccasin (D:5)
  3 ice beasts
  A sky beast (D:7)
  A black bear (D:6)
  3 centaurs
  2 ogres
  A lemure (D:7)
  A phantom (D:6)
  2 kobold brigands (D:6)
  Blork the orc (D:6)
  3 bullfrogs
  9 scorpions
  Dowan (D:6)
  10 killer bees
  7 hounds
  A jelly (D:3)
  A gnoll bouda (D:8)
  2 sleepcaps
  2 iguanas
  Terence (D:2)
  4 orc wizards
  6 gnolls
  4 river rats (Sewer)
  9 adders
  A white imp (D:5)
  5 worms
  A dart slug (D:2)
  15 orcs
  11 bats
  7 endoplasms
  6 giant cockroaches
  10 goblins
  6 hobgoblins
  11 jackals
  11 kobolds
  8 quokkas
  16 ball pythons
  3 frilled lizards
  32 rats
224 creatures vanquished.

Vanquished Creatures (others)
  A jelly (D:6)
1 creature vanquished.

Grand Total: 225 creatures vanquished

Notes
Turn   | Place    | Note
-------+----------+-------------------------------------------
     0 | D:1      | lunkers the Octopode Shapeshifter began the quest for the
                  | Orb.
     0 | D:1      | Reached XP level 1. HP: 13/13 MP: 1/1
    71 | D:1      | Reached XP level 2. HP: 13/18 MP: 2/2
   608 | D:2      | Reached XP level 3. HP: 23/23 MP: 3/3
   689 | D:2      | Reached skill level 4 in Unarmed Combat
   755 | D:2      | Reached XP level 4. HP: 18/28 MP: 4/4
  1011 | D:2      | Noticed Terence
  1025 | D:2      | Killed Terence
  1183 | D:2      | Reached XP level 5. HP: 17/33 MP: 5/5
  1358 | D:3      | Found a bloodstained altar of Trog.
  1486 | D:3      | Reached skill level 5 in Unarmed Combat
  1680 | D:3      | Found a faded altar of an unknown god.
  1785 | D:3      | Found a burning altar of Makhleb.
  1785 | D:3      | Noticed a balrug
  1788 | D:3      | Noticed a neqoxec
  1788 | D:3      | Noticed a smoke demon
  1790 | D:3      | Became a worshipper of Makhleb the Destroyer
  2188 | D:4      | Noticed an ogre
  2195 | D:4      | Reached XP level 6. HP: 34/38 MP: 6/6
  2202 | D:4      | Reached skill level 6 in Unarmed Combat
  2318 | D:4      | Reached * piety under Makhleb
  2474 | D:4      | Reached XP level 7. HP: 37/43 MP: 7/7
  2818 | D:5      | Entered Level 5 of the Dungeon
  2824 | D:5      | Reached skill level 5 in Shapeshifting
  2853 | D:5      | Reached skill level 7 in Unarmed Combat
  3011 | D:5      | HP: 1/43 [killer bee (3)]
  3188 | D:5      | Reached XP level 8. HP: 33/48 MP: 8/8
  3245 | D:5      | Reached skill level 8 in Unarmed Combat
  3323 | D:5      | Found a glowing golden altar of the Shining One.
  3909 | D:5      | Found a staircase to the Ecumenical Temple.
  4085 | D:5      | Reached skill level 9 in Unarmed Combat
  4352 | D:6      | Noticed Blork the orc
  4358 | D:6      | Killed Blork the orc
  4384 | D:6      | Noticed Dowan
  4385 | D:6      | Noticed Duvessa
  4391 | D:6      | Killed Duvessa
  4398 | D:6      | Killed Dowan
  4545 | D:6      | Found a glowing drain.
  4551 | D:6      | Reached XP level 9. HP: 26/53 MP: 9/9
  4673 | D:6      | Reached skill level 10 in Unarmed Combat
  4724 | D:6      | Reached ** piety under Makhleb
  4807 | D:6      | Noticed Menkaure
  4811 | D:6      | Killed Menkaure
  4871 | Sewer    | Entered a sewer
  5121 | Sewer    | Reached *** piety under Makhleb
  5525 | D:6      | Reached skill level 11 in Unarmed Combat
  5528 | D:6      | Reached **** piety under Makhleb
  5883 | D:7      | Noticed Pikel
  5896 | D:7      | Killed Pikel
  5897 | D:7      | Reached XP level 10. HP: 14/58 MP: 10/10
  6288 | D:7      | Reached skill level 12 in Unarmed Combat
  6622 | D:7      | Noticed a cyclops
  6652 | D:7      | Found a radiant altar of Vehumet.
  6668 | D:7      | Killed a cyclops
  7732 | D:9      | Slain by a steam dragon

Illustrated notes

Levels and vault maps discovered:
D:1:      minmay_arrival_solitary_statue, layout_basic
D:2:      layout_rooms, minmay_misc_feat_square, serial_bayou_pond_c,
          uniq_terence
D:3:      layout_loops_ring, general_overflow_altar, makhleb_altar_promises_db,
          ebering_ecumenical_altar_petrified, kennysheep_nondescript
D:4:      layout_basic, hangedman_decor_lopped, minmay_misc_feat_enclosed,
          minmay_cupped
D:5:      layout_loops_corners, overflow_temple_1_default,
          minmay_temple_entry_enclosed_plants
D:6:      old_forge, layout_loops_cross, portal_sewer_entry_c, uniq_duvessa,
          uniq_blork_the_orc, uniq_menkaure
D:7:      layout_cave_pools, mainiacjoe_overflow_chevrons, uniq_pikel
D:8:      layout_loops_ring, kennysheep_generic_room_6
D:9:      minmay_imperfect_grid, layout_irregular_city, billiards_dpeg

Skill      XL: |  1  2  3  4  5  6  7  8  9 10 |
---------------+-------------------------------+-----
Unarmed Combat | 4 5 6 7 9 11 12 | 12.4
Shapeshifting  | 4 5 6 8 |  8.5
Fighting       | |  1.0
Dodging        | |  2.0

Action                     |  1- 3 |  4- 6 |  7- 9 | 10-12 || total
---------------------------+-------+-------+-------+-------++-------
  Melee: Unarmed           |    44 |   121 |   258 |    68 ||   491
         Tentacles         |     9 |    20 |    61 |    18 ||   108
         Constrict         |    11 |    29 |    63 |    12 ||   115
         Punch             |     1 |     3 |    15 |     8 ||    27
  Evoke: Wand              |       |     1 |     2 |     1 ||     4
    Use: Potion            |       |     1 |       |       ||     1
         Scroll            |       |       |    12 |     3 ||    15
   Stab: Sleeping          |     4 |     5 |     5 |     3 ||    17
         Paralysed         |       |       |       |     2 ||     2
 Armour: Skin              |    12 |    60 |   106 |    40 ||   218
  Dodge: Dodged            |    23 |    72 |   160 |    38 ||   293

Table legend: (Time is in decaauts)
 A = Elapsed time spent in this place.
 B = Non-inter-level travel time spent in this place.
 C = Inter-level travel time spent in this place.
 D = Time resting spent in this place.
 E = Time spent auto-exploring this place.
 F = Levels seen in this place.
 G = Mean time per level.
                   A        B        C        D        E       F      G
               +--------+--------+--------+--------+--------+-----+--------+
         Total |   7655 |   7461 |    194 |     32 |   6224 |  10 |  765.5 |
       Dungeon |   7289 |   7095 |    194 |     32 |   5973 |   9 |  809.9 |
         Sewer |    365 |    365 |      0 |      0 |    251 |   1 |  365.0 |
               +--------+--------+--------+--------+--------+-----+--------+

Top non-repeatable levels by time:
     D:5: 1502 daAuts
     D:6: 1116 daAuts
     D:7: 1013 daAuts
     D:3: 831 daAuts
     D:8: 812 daAuts
     D:4: 698 daAuts
     D:2: 669 daAuts
     D:1: 601 daAuts
   Sewer: 365 daAuts
     D:9: 43 daAuts
